 Dungeon Crawl Stone Soup version 0.28-a0-895-g6e5f11bd55 (webtiles) character file.

Game seed: 6915965839722706052

575 horus123 the Slasher (level 6, -5/52 HPs)
             Began as a Demigod Fighter on Nov 22, 2021.
             Slain by a gnoll (7 damage)
             ... on level 4 of the Dungeon.
             The game lasted 00:06:41 (3697 turns).

horus123 the Slasher (Demigod Fighter)              Turns: 3697, Time: 00:06:41

Health: -5/52      AC:  9    Str: 21    XL:     6   Next: 88%
Magic:  8/8        EV: 11    Int: 14    God:
Gold:   190        SH:  4    Dex: 13    Spells: 5/5 levels left

rFire   . . .      SeeInvis .   a - +1 long sword (vorpal)
rCold   . . .      Faith    .   c - +0 buckler
rNeg    . . .      Spirit   .   f - +0 acid dragon scales
rPois   +          Reflect  .   (no helmet)
rElec   .          Harm     .   i - +0 cloak
rCorr   +          Rampage  .   k - +0 pair of gloves
Will    .....                   (no boots)
Stlth   +.........              l - amulet of the acrobat
HPRegen 0.17/turn               g - ring of poison resistance
MPRegen 0.11/turn               (no ring)

@: no status effects
A: high mp 1, forlorn
a: no special abilities


You were on level 4 of the Dungeon.
You visited 1 branch of the dungeon, and saw 4 of its levels.
You also visited: Sewer.

You collected 190 gold pieces.

Inventory:

Hand Weapons
 a - a +1 vorpal long sword (weapon)
Armour
 b - a +0 scale mail
 c - a +0 buckler (worn)
 f - +0 acid dragon scales (worn)
 i - a +0 cloak (worn)
 k - a +0 pair of gloves (worn)
Jewellery
 e - an amulet of magic regeneration
 g - a ring of poison resistance (left hand)
 l - an amulet of the acrobat (around neck)
Potions
 d - 2 potions of might
 h - a potion of attraction
 j - 2 potions of haste
 n - a potion of heal wounds


   Skills:
 + Level 4.1 Fighting
 + Level 5.1 Long Blades
 + Level 3.6 Armour
 + Level 1.7 Dodging
 + Level 3.3 Shields


You had 5 spell levels left.
You didn't know any spells.
Your spell library contained the following spells:

 Spells                   Type           Power      Damage    Failure   Level
 Corpse Rot               Necr/Air       0%         N/A       52%         2
 Dispel Undead            Necr           0%         3d6       98%         4
 Death Channel            Necr           0%         N/A       100%        6


Dungeon Overview and Level Annotations

Branches:
Dungeon (4/15)              Sewer (visited)
 Temple: D:4-7

Shops:
D:1 :*[*


Innate Abilities, Weirdness & Mutations

Your attributes grow dramatically as you level up.
You have an increased reservoir of magic. (+10% MP)
You shall have no god before yourself.


Message History

The endoplasm hits you but does no damage.
The gnoll shaman calls upon its god to speed up the gnoll.
The gnoll seems to speed up.
You hit the gnoll shaman.
The gnoll shaman is heavily wounded.
The endoplasm freezes you.
You are frozen.
The gnoll shaman hits you with a +0 club!
You are too injured to fight recklessly!
You hit the gnoll shaman.
You kill the gnoll shaman!
The endoplasm freezes you.
You are frozen.
The gnoll hits you with a +0 whip.
Unknown command.
You closely miss the gnoll. The endoplasm freezes you.
You are frozen.
* * * LOW HITPOINT WARNING * * *
The gnoll closely misses you. The gnoll barely misses you.
The endoplasm freezes you.
You are frozen.
* * * LOW HITPOINT WARNING * * *
The gnoll barely misses you.
You hit the gnoll.
The gnoll is lightly wounded.
The gnoll closely misses you. The gnoll hits you with a +0 club.
* * * LOW HITPOINT WARNING * * *
The endoplasm hits you but does no damage.
You closely miss the gnoll.
The gnoll is lightly wounded.
You block the gnoll's attack. The gnoll hits you with a +0 club.
* * * LOW HITPOINT WARNING * * *
The gnoll hits you but does no damage. The endoplasm freezes you.
You are frozen.
* * * LOW HITPOINT WARNING * * *
You slash the endoplasm!
You kill the endoplasm!
The gnoll hits you with a +0 whip!
You die...

. #.. ......# .... .. ..
......#######....
#.####.
.............[...
.......####
................
..........#
#.............
.####.#)#.###
#............. #.))#...#
#.............
#####.#####.............
#....@gg....$.......
#)...g..............
#..).....##.##.#####..
#......).......#####..
#........##.#.......##
#........##.+.........
#.[......# ##.........
#.)......# #.........
#........####.........


You could see 2 gnolls and a goblin.

Vanquished Creatures
  Sigmund (D:4)
  Pargi (Sewer)
  An ogre (D:4)
  A hound (D:3)
  2 gnoll shamans (D:4)
  Robin (D:4)
  2 adders (D:3)
  2 gnolls (D:4)
  An adder skeleton (D:4)
  2 worms
  6 dart slugs
  5 orcs (D:3)
  6 endoplasms
  5 giant cockroaches
  5 hobgoblins
  4 jackals (D:2)
  3 quokkas
  11 ball pythons
  6 bats
  2 frilled lizards
  20 goblins
  8 kobolds
  8 rats
103 creatures vanquished.

Vanquished Creatures (others)
  2 demonic plants (D:3)
2 creatures vanquished.

Grand Total: 105 creatures vanquished

Notes
Turn   | Place    | Note
-------+----------+-------------------------------------------
     0 | D:1      | horus123 the Demigod Fighter began the quest for the Orb.
     0 | D:1      | Reached XP level 1. HP: 18/18 MP: 3/3
    44 | D:1      | Reached skill level 2 in Long Blades
   198 | D:1      | Reached XP level 2. HP: 22/25 MP: 4/4
   405 | D:1      | Found Tuskut's Armour Shoppe.
   412 | D:1      | Found Woamihil's General Store.
   586 | D:1      | Found Upnano's Book Shop.
   587 | D:1      | Found Roxuru's General Store.
   781 | D:1      | Reached XP level 3. HP: 30/31 MP: 5/5
  1404 | D:2      | Reached skill level 3 in Long Blades
  2067 | D:4      | Noticed Sigmund
  2082 | D:3      | Reached XP level 4. HP: 24/38 MP: 6/6
  2207 | D:3      | Found a glowing drain.
  2234 | Sewer    | Entered a sewer
  2348 | Sewer    | Noticed Pargi
  2379 | Sewer    | Killed Pargi
  2380 | Sewer    | Reached skill level 1 in Dodging
  2380 | Sewer    | Reached XP level 5. HP: 7/45 MP: 7/7
  2745 | D:3      | Reached skill level 4 in Long Blades
  2855 | D:3      | Noticed a hellwing
  3358 | D:4      | Noticed an ogre
  3365 | D:4      | Killed an ogre
  3366 | D:4      | Reached XP level 6. HP: 39/51 MP: 8/8
  3473 | D:4      | Killed Sigmund
  3474 | D:4      | Reached skill level 5 in Long Blades
  3629 | D:4      | Noticed Robin
  3661 | D:4      | Killed Robin
  3696 | D:4      | HP: 1/52 [frozen (2)]
  3697 | D:4      | Slain by a gnoll

Illustrated notes

Levels and vault maps discovered:
D:1:      heliophobic_arrival_enchanted_forest, layout_basic, serial_shops,
          nicolae_shop_waterfront, nicolae_diamond_shop, nicolae_shop_stone,
          shop
D:2:      layout_loops_ring
D:3:      layout_basic, zin_academy, cheibrodos_sewer_entry_bend,
          dreamdust_ecumenical_altar_sealed_demon, grunt_decor_one_mirror,
          ebering_dispersal_statue_hall, kennysheep_generic_room_13
D:4:      layout_basic, lemuel_coloured_pillars_altar, led_sif_pool, uniq_robin,
          uniq_pikel, uniq_ijyb, uniq_menkaure, uniq_sigmund

Skill      XL: |  1  2  3  4  5  6 |
---------------+-------------------+-----
Long Blades    | 2 3 4 5 |  5.1
Fighting       | 3 4 |  4.1
Armour         | 3 |  3.6
Dodging        | 1 |  1.7
Shields        | 3 |  3.3

Action                   |  1- 3 |  4- 6 || total
-------------------------+-------+-------++-------
Melee: Long sword        |   161 |   167 ||   328
  Use: Scroll            |     6 |     3 ||     9
       Potion            |       |     1 ||     1
Armor: Scale mail        |    80 |    80 ||   160
       Acid dragon scale |       |    14 ||    14
Dodge: Dodged            |    92 |    88 ||   180
Block: Buckler           |    35 |    34 ||    69

Table legend: (Time is in decaauts)
 A = Elapsed time spent in this place.
 B = Non-inter-level travel time spent in this place.
 C = Inter-level travel time spent in this place.
 D = Time resting spent in this place.
 E = Time spent auto-exploring this place.
 F = Levels seen in this place.
 G = Mean time per level.
                   A        B        C        D        E       F      G
               +--------+--------+--------+--------+--------+-----+--------+
         Total |   3792 |   3697 |     95 |    252 |   2596 |   5 |  758.4 |
       Dungeon |   3353 |   3258 |     95 |      0 |   2497 |   4 |  838.2 |
         Sewer |    439 |    439 |      0 |    252 |     99 |   1 |  439.0 |
               +--------+--------+--------+--------+--------+-----+--------+

Top non-repeatable levels by time:
     D:3: 1187 daAuts
     D:1: 1114 daAuts
     D:2: 687 daAuts
   Sewer: 439 daAuts
     D:4: 364 daAuts
